 Dungeon Crawl Stone Soup version 0.25-a0-635-g0c6c292 (webtiles) character file.

Game seed: 110639865749141527, levelgen mode: deterministic

60 robertstho the Skirmisher (level 3, -2/30 HPs)
             Began as a Demonspawn Abyssal Knight on Mar 19, 2020.
             Was a Follower of Lugonu.
             Slain by a gnoll
             ... wielding a +0 whip
              (9 damage)
             ... on level 1 of the Dungeon on Mar 20, 2020.
             The game lasted 00:02:59 (1404 turns).

robertstho the Skirmisher (DsAK)                    Turns: 1404, Time: 00:03:00

Health: -2/30      AC:  3    Str: 13    XL:     3   Next: 82%
Magic:  0/4        EV: 11    Int: 13    God:    Lugonu [*.....]
Gold:   93         SH:  0    Dex: 12    Spells: 2/2 levels left

rFire    . . .     SeeInvis .   a - +1 hand axe
rCold    . . .     Gourm    .   (no shield)
rNeg     . . .     Faith    .   b - +0 leather armour
rPois    .         Spirit   +   (no helmet)
rElec    .         Reflect  .   (no cloak)
rCorr    .         Harm     .   (no gloves)
MR       .....                  (no boots)
Stlth    +.........             (no amulet)
HPRegen  0.10/turn              (no ring)
MPRegen  0.09/turn              (no ring)

@: very slightly contaminated
A: hooves 1, magic shield
a: Depart the Abyss, Renounce Religion


You were on level 1 of the Dungeon.
You worshipped Lugonu.
Lugonu was aware of your devotion.
You were hungry.

You visited 1 branch of the dungeon, and saw 2 of its levels.
You visited the Abyss 1 time.

You collected 93 gold pieces.

Inventory:

Hand Weapons
 a - a +1 hand axe (weapon)
Missiles
 k - 10 javelins (quivered)
Armour
 b - a +0 leather armour (worn)
Scrolls
 e - a scroll of remove curse
 h - a scroll of fear {unknown}
 m - 2 scrolls of blinking
 n - a scroll of magic mapping {unknown}
Potions
 d - a potion of heal wounds {unknown}
 i - 2 potions of haste
Comestibles
 c - 2 rations


   Skills:
 + Level 3.8 Fighting
 + Level 2.7 Axes
 + Level 2.2 Armour
 + Level 1.0 Dodging
 + Level 2.5 Invocations


You had 2 spell levels left.
You didn't know any spells.
Your spell library was empty.

Dungeon Overview and Level Annotations

Branches:
Dungeon (2/15)

Altars:


Innate Abilities, Weirdness & Mutations

You have large cloven feet.
When hurt, damage is shared between your health and your magic reserves.


Message History

The bat hits you but does no damage.
Welcome back, robertstho the Demonspawn Abyssal Knight.
Lugonu says: Spread carnage and corruption!
Press ? for a list of commands and other information.
You hit the bat.
The bat is moderately wounded.
The bat closely misses you. The bat completely misses you.
You miss the bat.
The bat is moderately wounded.
The bat hits you but does no damage. x2; The bat completely misses you.
You hit the bat.
You kill the bat!
Lugonu accepts your kill.
You hit the gnoll.
The gnoll is moderately wounded.
The gnoll misses you.
You hit the gnoll. You kick the gnoll.
The gnoll is almost dead.
The gnoll hits you with a +0 whip!
You die...

#......####.#.###
#...........#.#
........#.#.#.##
..>.....#.(....###
........#.####...#
.....g..#.g.g..§§#
.(....#...####.#g#
......##### #.#g#
........## #.#@#
.........#####.#§##
...............§§§#
#.##..#.######.#..#
).#.....######.#..#
#.#.....+.........#
#.#.....######.#########
.......## #.........#
.#####.# #.#########


You could see 2 gnolls.

Vanquished Creatures
  An adder (D:2)
  2 gnolls
  An ooze (D:2)
  A worm (D:2)
  2 leopard geckos (D:1)
  3 bats (D:1)
  3 giant cockroaches (D:1)
  2 goblins (D:1)
  A hobgoblin (D:2)
  2 jackals (D:1)
  A ball python (D:1)
  A kobold (D:1)
  5 rats (D:1)
25 creatures vanquished.

Notes
Turn   | Place    | Note
-------+----------+-------------------------------------------
     0 | Abyss:1  | robertstho the Demonspawn Abyssal Knight began the quest
                  | for the Orb.
     0 | Abyss:1  | Reached XP level 1. HP: 18/18 MP: 2/2
     2 | Abyss:1  | Found a corrupted altar of Lugonu.
    33 | Abyss:1  | Found a sparkling altar of Nemelex Xobeh.
    60 | Abyss:1  | Noticed a small abomination
    64 | D:1      | Escaped the Abyss
   118 | D:1      | Reached * piety under Lugonu
   173 | D:1      | Gained mutation: When hurt, damage is shared between your
                  | health and your magic reserves. [demonic ancestry]
   173 | D:1      | Reached XP level 2. HP: 12/24 MP: 3/3
   209 | D:1      | Reached skill level 1 in Dodging
   708 | D:1      | Gained mutation: You have large cloven feet. [demonic
                  | ancestry]
   708 | D:1      | Reached XP level 3. HP: 27/30 MP: 2/4
  1400 | D:1      | Upgraded the game from 0.25-a0-632-g7713895 to
                  | 0.25-a0-635-g0c6c292
  1404 | D:1      | Slain by a gnoll

Levels and vault maps discovered:
D:1:      minmay_arrival_glassed_features, layout_basic, minmay_tetromino_i4
D:2:      layout_loops_ring, wad_floor_pattern_untrapped, uniq_jessica

Skill      XL: |  1  2 |
---------------+-------+-----
Axes           | 2 |  2.7
Dodging        | 1 |  1.0
Armour         | 2 |  2.2
Fighting       | |  3.8
Invocations    | |  2.5

Action                   || total
-------------------------++-------
Melee: Hand axe          ||    92
       Kick              ||     7
Invok: Depart the Abyss  ||     1
  Use: Scroll            ||     4
  Eat: Chunk             ||     1
Armor: Leather armour    ||    35
Dodge: Dodged            ||   108

Table legend:
 A = Non-vault XP
 B = Vault XP
 C = Vault XP percentage of total XP
 D = Non-vault monster count
 E = Vault monster count
 F = Vault count percentage of total count
                 A         B        C        D         E       F
            +---------+---------+-------+---------+---------+-------
      Total |      81 |       6 |   6.9 |      22 |       3 |  12.0
            +---------+---------+-------+---------+---------+-------
        D:1 |      40 |       6 |  13.0 |      17 |       3 |  15.0
        D:2 |      41 |       0 |   0.0 |       5 |       0 |   0.0
            +---------+---------+-------+---------+---------+-------
